 Dungeon Crawl Stone Soup version 0.22-a0-248-gc8378ba (console) character file.

27 Duffy the Caller (level 2, -4/15 HPs)
             Began as a Deep Elf Summoner on Mar 1, 2018.
             Was an Initiate of Gozag.
             Slain by a goblin
             ... wielding a +1 dagger of freezing
             ... led by Robin
              (5 damage)
             ... on level 2 of the Dungeon.
             The game lasted 00:02:10 (1555 turns).

Duffy the Caller (Deep Elf Summoner)                Turns: 1555, Time: 00:02:11

Health: -4/15      AC:  4    Str:  5    XL:     2   Next: 93%
Magic:  4/8        EV: 13    Int: 19    God:    Gozag
Gold:   72         SH:  0    Dex: 15    Spells: 5/8 levels left

rFire    . . .     SeeInvis .   l - +2 short sword (drain)
rCold    . . .     Gourm    .   (no shield)
rNeg     . . .     Faith    .   a - +0 robe
rPois    .         Spirit   .   (no helmet)
rElec    .         Reflect  .   (no cloak)
rCorr    .         Harm     .   (no gloves)
MR       .....                  (no boots)
Stlth    ++........             (no amulet)
HPRegen  0.05/turn              f - +2 ring of protection
MPRegen  0.11/turn              (no ring)

@: gold aura
A: no striking features
a: Potion Petition, Call Merchant, Bribe Branch, Renounce Religion


You were on level 2 of the Dungeon.
You worshipped Gozag.
Gozag was noncommittal.
You were not hungry.

You visited 1 branch of the dungeon, and saw 2 of its levels.

You collected 104 gold pieces.
You paid 32 gold pieces to Gozag.

Inventory:

Hand Weapons
 d - a +3 short sword
 l - a +2 short sword of draining (weapon)
Armour
 a - a +0 robe (worn)
Jewellery
 f - a +2 ring of protection (left hand)
Scrolls
 e - a scroll of enchant weapon {unknown}
 g - 4 scrolls of identify {unknown}
Potions
 c - 2 potions of agility {unknown}
 h - 2 potions of might {unknown}
 i - 2 potions of experience {unknown}
 j - a potion of magic {unknown}
Comestibles
 b - 3 rations
 k - a chunk of flesh


   Skills:
 - Level 2.4 Dodging
 - Level 2.4 Stealth
 + Level 3.6 Spellcasting
 * Level 5.1 Summonings


You had 5 spell levels left.
You knew the following spells:

 Your Spells              Type           Power        Failure   Level  Hunger
a - Call Imp              Summ           ###.....     2%          2    ##.....
b - Summon Small Mammal   Summ           ###.         1%          1    None


Dungeon Overview and Level Annotations

Branches:
Dungeon (2/15)

Altars:
Gozag

Annotations:
D:2 Robin


Message History

Your crimson imp hits the frilled lizard.
The frilled lizard dies!
Your shadow imp closely misses the goblin.
The goblin barely misses you.
You hit the goblin.
The goblin is heavily wounded.
The goblin is distracted by the nearby gold.
The goblin misses you.
Your shadow imp barely misses the goblin.
Your crimson imp blinks!
The goblin closely misses you.
Okay, then.
You closely miss the goblin.
The goblin is heavily wounded.
Your shadow imp barely misses the goblin.
The goblin closely misses you.
Your shadow imp misses the goblin.
Your crimson imp blinks!
The goblin hits you with a dagger of freezing.
You die...
Your body crumbles into a pile of gold.

# #.#..##
# #.##..##
# #.###..#
# #.#
##.## .. #
#.# #..#
.# # ##.#
.# # #5#
.# #
#g##.+
####
#g@#.#
...#
##5#.#
...# #5.g#
...#
###g.g...g
...#


#l.gg#g ...# ###.g. ...# #. .[.# ...# You could see a leopard gecko, 3 goblins,
a friendly crimson imp and 2 friendly shadow imps.

Vanquished Creatures
  2 giant cockroaches
  2 goblins
  4 hobgoblins (D:1)
  A quokka (D:2)
  3 bats (D:1)
  2 frilled lizards (D:1)
  2 kobolds (D:1)
  2 rats (D:1)
18 creatures vanquished.

Vanquished Creatures (collateral kills)
  A dart slug (D:1)
  2 hobgoblins (D:2)
  A bat (D:1)
  A frilled lizard (D:2)
  3 kobolds
  A rat (D:1)
9 creatures vanquished.

Grand Total: 27 creatures vanquished

Notes
Turn   | Place    | Note
-------+----------+-------------------------------------------
     0 | D:1      | Duffy the Deep Elf Summoner began the quest for the Orb.
     0 | D:1      | Reached XP level 1. HP: 10/10 MP: 6/6
   268 | D:1      | Reached XP level 2. HP: 15/15 MP: 8/8
   272 | D:1      | Learned a level 2 spell: Call Imp
   925 | D:1      | Reached skill level 5 in Summonings
  1384 | D:2      | Found an opulent altar of Gozag.
  1415 | D:2      | Became a worshipper of Gozag Ym Sagoz the Greedy
  1546 | D:2      | Noticed Robin
  1555 | D:2      | Slain by a goblin

Vault maps used:
D:1:      sevenhm_arrival_forest_fort_small_4
D:2:      lemuel_doored_altar, elyvilon_altar_1, first_ration,
          nicolae_gozag_seed_capital, uniq_robin

Skill      XL: |  1  2 |
---------------+-------+-----
Summonings     | 5 |  5.1
Dodging        | |  2.4
Stealth        | |  2.4
Spellcasting   | |  3.6

Action                   || total
-------------------------++-------
Melee: Short sword       ||    47
       Unarmed           ||     1
 Cast: Summon Small Mamm ||    12
       Call Imp          ||     5
 Stab: Sleeping          ||     3
  Eat: Chunk             ||     2
Armor: Robe              ||    17
Dodge: Dodged            ||    50

Table legend:
 A = Spawn XP
 B = Non-spawn XP
 C = Spawn XP percentage of total XP
 D = Spawn monster count
 E = Non-spawn monster count
 F = Spawn count percentage of total count
 G = Total turns spent on level
                    A         B        C        D         E        F      G
               +---------+---------+-------+---------+---------+-------+---------
         Total |       0 |      39 |   0.0 |       0 |      27 |   0.0 |  1555
               +---------+---------+-------+---------+---------+-------+---------
           D:1 |       0 |      29 |   0.0 |       0 |      20 |   0.0 |  1320
           D:2 |       0 |      10 |   0.0 |       0 |       7 |   0.0 |   235
               +---------+---------+-------+---------+---------+-------+---------
